 Dungeon Crawl Stone Soup version 0.28.0-53-g5a82cb258f (webtiles) character file.

Game seed: 15813953358311382077

291 firemarshallily the Skirmisher (level 6, -3/53 HPs)
             Began as a Gnoll Wanderer on July 7, 2022.
             Was a Believer of Dithmenos.
             Killed by divine providence
             ... invoked by an orc priest
              (10 damage)
             ... on level 4 of the Dungeon.
             The game lasted 00:08:49 (3353 turns).

firemarshallily the Skirmisher (Gnoll Wanderer)     Turns: 3353, Time: 00:08:50

Health: -3/53      AC:  4    Str:  9    XL:     6   Next: 32%
Magic:  11/11      EV: 12    Int:  8    God:    Dithmenos [**....]
Gold:   195        SH:  0    Dex: 19    Spells: 10/11 levels left

rFire   . . .      SeeInvis .   a - +4 hand axe
rCold   . . .      Faith    .   (no shield)
rNeg    . . .      Spirit   .   d - +0 robe
rPois   .          Reflect  .   l - +0 helmet
rElec   .          Harm     .   m - +0 cloak
rCorr   .          Rampage  .   (no gloves)
Will    .....                   (no boots)
Stlth   +++.......              (no amulet)
HPRegen 0.17/turn               (no ring)
MPRegen 0.12/turn               (no ring)

@: wreathed by umbra
A: fangs 1, strong nose, distributed training
a: Renounce Religion, Shadow Step


You were on level 4 of the Dungeon.
You worshipped Dithmenos.
Dithmenos was pleased with you.
You visited 1 branch of the dungeon, and saw 4 of its levels.

You collected 195 gold pieces.

Inventory:

Hand Weapons
 a - a +4 hand axe (weapon)
 b - a +0 hunting sling
Missiles
 c - 16 sling bullets
 e - 239 stones (quivered)
 k - 4 boomerangs
Armour
 d - a +0 robe (worn)
 l - a +0 helmet (worn)
 m - a +0 cloak (worn)
Wands
 o - a wand of iceblast (4)
Scrolls
 f - a scroll of fear
 n - 2 scrolls of identify {unknown}
Potions
 g - a potion of lignification {unknown}
 h - 2 potions of cancellation {unknown}
 i - a potion of heal wounds {unknown}
 j - a potion of curing {unknown}


   Skills:
 + Level 6.8 Fighting
 + Level 1.9 Short Blades
 + Level 1.9 Long Blades
 + Level 5.0 Axes
 + Level 1.9 Maces & Flails
 + Level 1.9 Polearms
 + Level 1.9 Staves
 + Level 3.2 Slings
 + Level 1.9 Bows
 + Level 1.9 Crossbows
 + Level 1.9 Throwing
 + Level 5.0 Armour
 + Level 1.9 Dodging
 + Level 3.0 Stealth
 + Level 1.9 Shields
 + Level 1.9 Unarmed Combat
 + Level 3.4 Spellcasting
 + Level 1.5 Conjurations
 + Level 1.5 Hexes
 + Level 1.5 Summonings
 + Level 1.5 Necromancy
 + Level 1.5 Translocations
 + Level 1.5 Transmutations
 + Level 1.5 Fire Magic
 + Level 1.5 Ice Magic
 + Level 1.5 Air Magic
 + Level 1.5 Earth Magic
 + Level 1.5 Poison Magic
 + Level 2.1 Invocations
 + Level 1.9 Evocations


You had 10 spell levels left.
You knew the following spells:

 Your Spells              Type           Power      Damage    Failure   Level
a - Foxfire               Conj/Fire      12%        2x1d4     17%         1

Your spell library contained the following spells:

 Spells                   Type           Power      Damage    Failure   Level
 Conjure Flame            Conj/Fire      3%         6-21      45%         3
 Inner Flame              Hex/Fire       3%         N/A       45%         3
 Flame Wave               Conj/Fire      3%         2d4       86%         4


Dungeon Overview and Level Annotations

Branches:
Dungeon (4/15)
 Temple: D:4-7

Altars:
Dithmenos


Innate Abilities, Weirdness & Mutations

You have very sharp teeth.
Your uncanny sense of smell can sniff out nearby items.
Your experience applies equally to all skills.


Message History

The orc wizard hits you with a +0 dagger.
The orc closely misses you.
You hit the orc wizard but do no damage.
You bite the orc wizard, but do no damage.
The orc wizard is almost dead.
The orc hits you from afar with a +0 trident.
The orc wizard barely misses you. The orc wizard closely misses you.
You barely miss the orc. Your bite misses the orc. You hit the orc wizard.
The orc closely misses you.
The orc priest casts a cantrip, but nothing happens.
The orc wizard hits you but does no damage.
Unknown command.
You barely miss the orc. You hit the orc. You hit the orc wizard.
You kill the orc wizard!
Dithmenos accepts your kill.
The orc hits you but does no damage. x2; The orc barely misses you.
Unknown command.
You hit the orc.
The orc is heavily wounded.
You hit the orc.
You kill the orc!
Dithmenos accepts your kill. The orc barely misses you.
The orc closely misses you.
Unknown command.
You hit the orc. You bite the orc, but do no damage.
The orc is severely wounded.
The orc hits you but does no damage. The orc closely misses you.
Unknown command.
You hit the orc.
You kill the orc!
Dithmenos accepts your kill.
The orc hits you from afar with a +0 trident.
Your Axes skill increases to level 5!
Your Armour skill increases to level 5!
The orc priest invokes the aid of Beogh against you.
Beogh smites you!
* * * LOW HITPOINT WARNING * * *
The orc priest invokes the aid of Beogh against you.
Beogh smites you!
You die... .........#...# .......##.#.## .. ..... #.###.# ... oo.

##.# #.##
...>###o###.#####.#
#......).o##.#.'.#.## .
#........)#.##.####.# ...
#.........#.#.....#.#.....
#.........@...<.#..........
#..........)...##..........
#..............+..........
#.............##..........
#.........................
#......)..................
#....................#....
##..................###..
#.............##. .


You could see an orc priest and 3 orcs.

Vanquished Creatures
  An ogre (D:4)
  A jelly (D:4)
  2 orc wizards
  3 gnolls (D:2)
  2 adders
  3 dart slugs
  6 orcs
  3 bats
  9 endoplasms
  2 giant cockroaches (D:1)
  4 goblins
  10 hobgoblins
  2 jackals (D:1)
  A quokka (D:2)
  5 ball pythons
  4 frilled lizards
  10 kobolds
  7 rats
75 creatures vanquished.

Vanquished Creatures (others)
  25 foxfires (D:4)
  7 plants (D:2)
32 creatures vanquished.

Grand Total: 107 creatures vanquished

Notes
Turn   | Place    | Note
-------+----------+-------------------------------------------
     0 | D:1      | firemarshallily the Gnoll Wanderer began the quest for the
                  | Orb.
     0 | D:1      | firemarshallily set off with the following items: a +3 hand
                  | axe, a +0 hunting sling, 19 sling bullets, a +0 robe
     0 | D:1      | Reached XP level 1. HP: 23/23 MP: 4/4
   163 | D:1      | Reached XP level 2. HP: 29/29 MP: 5/5
   289 | D:1      | Found a faded altar of an unknown god.
   294 | D:1      | Prayed at the altar of an unknown god.
   294 | D:1      | Became a worshipper of Dithmenos the Shadowed
   294 | D:1      | Reached * piety under Dithmenos
   394 | D:1      | Reached XP level 3. HP: 32/35 MP: 7/7
   868 | D:2      | Reached skill level 1 in Invocations
   959 | D:2      | Reached skill level 1 in Short Blades
   959 | D:2      | Reached skill level 1 in Long Blades
   959 | D:2      | Reached skill level 1 in Maces & Flails
   959 | D:2      | Reached skill level 1 in Polearms
   959 | D:2      | Reached skill level 1 in Staves
   959 | D:2      | Reached skill level 1 in Bows
   959 | D:2      | Reached skill level 1 in Crossbows
   959 | D:2      | Reached skill level 1 in Throwing
   959 | D:2      | Reached skill level 1 in Dodging
   959 | D:2      | Reached skill level 1 in Shields
   959 | D:2      | Reached skill level 1 in Unarmed Combat
   959 | D:2      | Reached skill level 1 in Evocations
   959 | D:2      | Reached XP level 4. HP: 25/41 MP: 8/8
  2195 | D:3      | Reached skill level 1 in Conjurations
  2195 | D:3      | Reached skill level 1 in Hexes
  2195 | D:3      | Reached skill level 1 in Summonings
  2195 | D:3      | Reached skill level 1 in Necromancy
  2195 | D:3      | Reached skill level 1 in Translocations
  2195 | D:3      | Reached skill level 1 in Transmutations
  2195 | D:3      | Reached skill level 1 in Fire Magic
  2195 | D:3      | Reached skill level 1 in Ice Magic
  2195 | D:3      | Reached skill level 1 in Air Magic
  2195 | D:3      | Reached skill level 1 in Earth Magic
  2195 | D:3      | Reached skill level 1 in Poison Magic
  2424 | D:3      | Reached ** piety under Dithmenos
  2840 | D:3      | Reached XP level 5. HP: 46/47 MP: 9/9
  3048 | D:4      | Learned a level 1 spell: Foxfire
  3184 | D:4      | Noticed an ogre
  3194 | D:4      | Killed an ogre
  3195 | D:4      | Reached XP level 6. HP: 53/53 MP: 2/11
  3352 | D:4      | Reached skill level 5 in Axes
  3352 | D:4      | Reached skill level 5 in Armour
  3353 | D:4      | Killed from afar by an orc priest

Illustrated notes

Levels and vault maps discovered:
D:1:      lightli_arrival_farm, layout_rooms, basic_ecumenical_altar
D:2:      layout_basic, nicolae_grassy_gnolls
D:3:      layout_basic, st_stairs_5
D:4:      layout_basic, nicolae_uskayaw_dance_hall, minmay_misc_feat_rows,
          grunt_decor_clamped, minmay_strange_pillars

Skill      XL: |  1  2  3  4  5  6 |
---------------+-------------------+-----
Invocations    | 1 2 |  2.1
Short Blades   | 1 |  1.9
Long Blades    | 1 |  1.9
Maces & Flails | 1 |  1.9
Polearms       | 1 |  1.9
Staves         | 1 |  1.9
Bows           | 1 |  1.9
Crossbows      | 1 |  1.9
Throwing       | 1 |  1.9
Dodging        | 1 |  1.9
Shields        | 1 |  1.9
Unarmed Combat | 1 |  1.9
Evocations     | 1 |  1.9
Spellcasting   | 3 |  3.4
Conjurations   | 1 |  1.5
Hexes          | 1 |  1.5
Summonings     | 1 |  1.5
Necromancy     | 1 |  1.5
Translocations | 1 |  1.5
Transmutations | 1 |  1.5
Fire Magic     | 1 |  1.5
Ice Magic      | 1 |  1.5
Air Magic      | 1 |  1.5
Earth Magic    | 1 |  1.5
Poison Magic   | 1 |  1.5
Slings         | 3 |  3.2
Stealth        | 3 |  3.0
Axes           | 5 |  5.0
Armour         | 5 |  5.0
Fighting       | |  6.8

Action                   |  1- 3 |  4- 6 || total
-------------------------+-------+-------++-------
Melee: Hand axe          |    51 |    86 ||   137
       Bite              |     5 |    12 ||    17
       Punch             |       |     1 ||     1
 Fire: Hunting sling     |    30 |       ||    30
 Cast: Foxfire           |       |    14 ||    14
  Use: Scroll            |       |     5 ||     5
 Stab: Sleeping          |     5 |     3 ||     8
Armor: Robe              |     8 |    26 ||    34
Dodge: Dodged            |    24 |    55 ||    79
